Senators vs Bruins

Created - March 14, 2024 at 21:47

Goals
1 2 3 T
Senators 1 2 2 5
Bruins 0 1 0 1
Shots
1 2 3 T
Senators 8 7 14 29
Bruins 6 9 13 28

GoalsPenalties
1st period
1. Senators , K'Andre Miller 8 (Joel Eriksson Ek 26, Matty Beniers 20) at 17:19
Jamie Oleksiak (BOS) for Roughing (Minor) at 5:50
Scott Laughton (OTT) for Roughing (Minor) at 9:14
2nd period
2. Senators , Joel Eriksson Ek 12 (Matty Beniers 21) at 4:33
3. Senators , Joel Eriksson Ek 13 (Nikita Kucherov 26, K'Andre Miller 30) at 6:37 (PP)
4. Bruins , Bryan Rust 28 (Brady Skjei 26) at 9:23
Jake Allen (BOS) for Delaying the game (Minor) at 5:52 - Tom Wilson served the penalty.
3rd period
5. Senators , Luke Glendening 8 (Noah Hanifin 26, Danton Heinen 5) at 3:59
6. Senators , Nikita Kucherov 26 (Matty Beniers 22, K'Andre Miller 31) at 13:19
K'Andre Miller (OTT) for High sticking (Minor) at 5:00
Andrew Mangiapane (BOS) for Hooking (Minor) at 14:09
Goalie Stats
Semyon Varlamov (OTT), 27 saves from 28 shots - (0.964), W, 19-11-3, 60:00 minutes
Jake Allen (BOS), 14 saves from 18 shots - (0.778), L, 8-10-1, 43:59 minutes
Jake Oettinger (BOS), 10 saves from 11 shots - (0.909), 16:01 minutes
3 StarsOfficial
1 - Joel Eriksson Ek (OTT)
2 - K'Andre Miller (OTT)
3 - Nikita Kucherov (OTT)
Referees : Jon McIsaac and Graham Skilliter
Linesman : Scott Driscoll and Derek Nansen
Game Note
Jake Oettinger enters game at 3:59 of 3rd period
Finance
Level 1 -- Attendance: 6000 (100.00%) -- Ticket Income $708,000
Level 2 -- Attendance: 4739 (94.78%) -- Ticket Income $355,425
Level 3 -- Attendance: 3126 (89.31%) -- Ticket Income $150,048
Level 4 -- Attendance: 2810 (88.36%) -- Ticket Income $84,300
Luxury Box -- Attendance: 983 (98.30%) -- Ticket Income $207,413
Game was played at the TD Garden.
Total Attendance: 17658 (94.53%)
Total Ticket Income: $1,505,186
Other Income: $376,296
Total Income: $1,881,482



Team Name Goals Shots Shots Attemp Shots Blocked PIM HIT PP PK FO%
Senators 5295444331 / 3 (33%)040%
Bruins 1284696200 / 2 (0%)160%

Senators
Player Name POS G A P +/- PIM HIT SHT SB MP PP MP PP SHT PK MP PK SHT FO% FOT
Adam LowryC000-1011014:150:0001:1300% 0
Andrew CoppC000-1012016:182:0301:13017% 24
Christian DvorakC0000011012:360:0000:00029% 14
Connor CliftonD0000031019:160:0002:5100% 0
Danton HeinenLW0111000012:580:0000:0000% 0
Erik JohnsonD0002020017:380:0001:3300% 0
Jake WalmanD0000000119:263:0100:0000% 0
Joel Eriksson EkC2133025015:232:4010:00059% 17
K'Andre MillerD1232234020:233:0121:1800% 0
Luke GlendeningC1011031012:580:0000:00058% 12
Matty BeniersC0333002018:082:4002:4500% 1
Nikita KucherovRW1123005015:232:4000:0000% 0
Noah HanifinD0111022121:381:4211:0700% 0
Pius SuterC0001012015:012:0300:00050% 2
Rasmus AnderssonD0001030221:381:4201:0700% 0
Sam GagnerC0000030015:210:0002:450100% 4
Scott LaughtonC000-1242015:042:0320:0000% 0
Tomas TatarLW0000041012:360:0000:0000% 1
Bruins
Player Name POS G A P +/- PIM HIT SHT SB MP PP MP PP SHT PK MP PK SHT FO% FOT
Alex IafalloLW000000000:370:0000:0000% 0
Andrew MangiapaneLW000-1222019:482:0500:000100% 1
Brady SkjeiD0110050321:141:4801:1700% 0
Brandon SaadLW000-1011117:361:5300:000100% 1
Brett PesceD000-2002220:432:1012:3600% 0
Bryan RustRW101-1002020:101:5310:000100% 1
Cam FowlerD0000003120:192:1020:0000% 0
Charlie CoyleC000-1016018:210:0002:38061% 28
Jamie OleksiakD000-2210017:150:0001:1900% 0
Jimmy VeseyLW000000006:360:0000:0000% 0
Mark GiordanoD000-1020119:200:0002:0700% 0
Nick PaulLW000000008:410:0002:05067% 6
Nicolas RoyC000-1021013:212:0500:00056% 16
T.J. BrodieD000-1000121:081:4802:0700% 0
Tom WilsonRW000-1054018:422:0500:00075% 4
Trevor ZegrasC000-1014019:371:5300:00047% 17
Yegor SharangovichC000-1002018:260:0002:380100% 1
Zach PariseLW000-1001013:210:0002:0500% 0



Play-by-Play

1st period


0:01 of 1st period - Andrew Mangiapane wins face-off versus Joel Eriksson Ek in neutral zone.
0:14 of 1st period - Shot by Trevor Zegras.
0:14 of 1st period - Shot Misses the Net.
0:22 of 1st period - Shot by Joel Eriksson Ek.
0:22 of 1st period - Deflect By Matty Beniers.
0:22 of 1st period - Stopped by Jake Allen without a rebound.
0:23 of 1st period - Tom Wilson wins face-off versus Andrew Copp in Bruins zone.
0:37 of 1st period - Tom Wilson is hit by Erik Johnson and loses puck.
1:03 of 1st period - Shot by Adam Lowry.
1:03 of 1st period - Shot Misses the Net.
1:25 of 1st period - Christian Dvorak is hit by Tom Wilson and loses puck.
1:42 of 1st period - Zach Parise is hit by Tomas Tatar and loses puck.
2:06 of 1st period - Shot by Zach Parise.
2:06 of 1st period - Stopped by Semyon Varlamov without a rebound.
2:07 of 1st period - Trevor Zegras wins face-off versus Luke Glendening in Senators zone.
2:10 of 1st period - Shot by Bryan Rust.
2:10 of 1st period - Shot Misses the Net.
2:16 of 1st period - Shot by Pius Suter.
2:16 of 1st period - Stopped by Jake Allen with a rebound.
2:38 of 1st period - Shot by Luke Glendening.
2:38 of 1st period - Shot Blocked by Brady Skjei.
2:40 of 1st period - Shot by Danton Heinen.
2:40 of 1st period - Shot Blocked by Brady Skjei.
2:57 of 1st period - Luke Glendening is hit by Andrew Mangiapane and loses puck.
3:39 of 1st period - Shot by Matty Beniers.
3:39 of 1st period - Stopped by Jake Allen without a rebound.
3:40 of 1st period - Yegor Sharangovich wins face-off versus Christian Dvorak in Bruins zone.
3:56 of 1st period - Icing by Jake Walman.
3:57 of 1st period - Christian Dvorak wins face-off versus Charlie Coyle in Senators zone.
4:02 of 1st period - Tom Wilson is hit by Sam Gagner and loses puck.
5:50 of 1st period - Minor Penalty to Jamie Oleksiak for Roughing.
5:51 of 1st period - Andrew Copp wins face-off versus Nick Paul in Bruins zone.
6:06 of 1st period - Shot by K'Andre Miller.
6:06 of 1st period - Stopped by Jake Allen without a rebound.
6:07 of 1st period - Charlie Coyle wins face-off versus Andrew Copp in Bruins zone.
6:18 of 1st period - Zach Parise is hit by Scott Laughton and loses puck.
6:38 of 1st period - Off-side.
6:39 of 1st period - Charlie Coyle wins face-off versus Joel Eriksson Ek in neutral zone.
6:45 of 1st period - Icing by Joel Eriksson Ek.
6:46 of 1st period - Charlie Coyle wins face-off versus Joel Eriksson Ek in Senators zone.
6:47 of 1st period - Shot by T.J. Brodie.
6:47 of 1st period - Shot Blocked by Jake Walman.
8:21 of 1st period - Icing by Rasmus Andersson.
8:22 of 1st period - Luke Glendening wins face-off versus Nick Paul in Senators zone.
8:48 of 1st period - Jimmy Vesey is hit by Luke Glendening and loses puck.
8:57 of 1st period - Shot by Yegor Sharangovich.
8:57 of 1st period - Shot Misses the Net.
8:59 of 1st period - Shot by Yegor Sharangovich.
8:59 of 1st period - Shot Misses the Net.
9:14 of 1st period - Minor Penalty to Scott Laughton for Roughing.
9:15 of 1st period - Sam Gagner wins face-off versus Trevor Zegras in Senators zone.
9:15 of 1st period - Sam Gagner is hit by Brandon Saad.
9:27 of 1st period - Shot by Cam Fowler.
9:27 of 1st period - Stopped by Semyon Varlamov with a rebound.
9:39 of 1st period - Shot by Bryan Rust.
9:39 of 1st period - Stopped by Semyon Varlamov without a rebound.
9:40 of 1st period - Sam Gagner wins face-off versus Nicolas Roy in Senators zone.
10:07 of 1st period - Shot by Matty Beniers.
10:07 of 1st period - Shot Misses the Net.
11:11 of 1st period - Shot by Brett Pesce.
11:11 of 1st period - Stopped by Semyon Varlamov without a rebound.
11:12 of 1st period - Sam Gagner wins face-off versus Trevor Zegras in Senators zone.
11:24 of 1st period - Jimmy Vesey is hit by Erik Johnson and loses puck.
12:13 of 1st period - Icing by Jamie Oleksiak.
12:14 of 1st period - Nick Paul wins face-off versus Andrew Copp in Bruins zone.
12:29 of 1st period - Shot by Adam Lowry.
12:29 of 1st period - Deflect By Andrew Copp.
12:29 of 1st period - Stopped by Jake Allen without a rebound.
12:30 of 1st period - Joel Eriksson Ek wins face-off versus Trevor Zegras in Bruins zone.
12:30 of 1st period - Joel Eriksson Ek is hit by Brady Skjei.
12:34 of 1st period - Shot by Nikita Kucherov.
12:34 of 1st period - Stopped by Jake Allen without a rebound.
12:35 of 1st period - Andrew Copp wins face-off versus Charlie Coyle in Bruins zone.
12:40 of 1st period - Shot by Scott Laughton.
12:40 of 1st period - Shot Blocked by Brady Skjei.
14:06 of 1st period - T.J. Brodie is hit by Joel Eriksson Ek and loses puck.
15:24 of 1st period - Pius Suter is hit by Mark Giordano and loses puck.
15:27 of 1st period - Shot by Pius Suter.
15:27 of 1st period - Shot Misses the Net.
15:46 of 1st period - Shot by Pius Suter.
15:46 of 1st period - Shot Misses the Net.
16:10 of 1st period - Icing by Rasmus Andersson.
16:11 of 1st period - Charlie Coyle wins face-off versus Andrew Copp in Senators zone.
16:12 of 1st period - Shot by Brandon Saad.
16:12 of 1st period - Shot Misses the Net.
16:45 of 1st period - Shot by Scott Laughton.
16:45 of 1st period - Deflect By Andrew Copp.
16:45 of 1st period - Shot Blocked by Brett Pesce.
17:13 of 1st period - Shot by Nikita Kucherov.
17:13 of 1st period - Deflect By Matty Beniers.
17:13 of 1st period - Shot Blocked by Brandon Saad.
17:15 of 1st period - Shot by Joel Eriksson Ek.
17:15 of 1st period - Shot Misses the Net.
17:17 of 1st period - Shot by Joel Eriksson Ek.
17:17 of 1st period - Stopped by Jake Allen with a rebound.
17:19 of 1st period - Shot by K'Andre Miller.
17:19 of 1st period - Goal by K'Andre Miller - Senators : 1 - Bruins : 0.
17:20 of 1st period - Nicolas Roy wins face-off versus Christian Dvorak in neutral zone.
17:29 of 1st period - Shot by Nicolas Roy.
17:29 of 1st period - Shot Misses the Net.
17:35 of 1st period - Yegor Sharangovich is hit by Tomas Tatar and loses puck.
19:01 of 1st period - Icing by K'Andre Miller.
19:02 of 1st period - Joel Eriksson Ek wins face-off versus Charlie Coyle in Senators zone.
19:04 of 1st period - K'Andre Miller is hit by Tom Wilson and loses puck.
19:15 of 1st period - Shot by Charlie Coyle.
19:15 of 1st period - Stopped by Semyon Varlamov without a rebound.
19:16 of 1st period - Charlie Coyle wins face-off versus Andrew Copp in Senators zone.
19:16 of 1st period - Tom Wilson is hit by Rasmus Andersson and loses puck.
19:34 of 1st period - Charlie Coyle is hit by Rasmus Andersson and loses puck.
19:44 of 1st period - Tom Wilson is hit by Rasmus Andersson and loses puck.
19:49 of 1st period - Shot by Charlie Coyle.
19:49 of 1st period - Stopped by Semyon Varlamov without a rebound.
19:50 of 1st period - Nicolas Roy wins face-off versus Christian Dvorak in Senators zone.
19:59 of 1st period - Shot by Nicolas Roy.
19:59 of 1st period - Shot Misses the Net.
Goals for this period are 1 for Senators vs 0 for Bruins.
Shots for this period are 8 for Senators vs 6 for Bruins.

2nd period


0:01 of 2nd period - Bryan Rust wins face-off versus Christian Dvorak in neutral zone.
0:03 of 2nd period - Off-side.
0:04 of 2nd period - Trevor Zegras wins face-off versus Christian Dvorak in neutral zone.
0:37 of 2nd period - Shot by Andrew Mangiapane.
0:37 of 2nd period - Stopped by Semyon Varlamov with a rebound.
1:17 of 2nd period - Icing by Connor Clifton.
1:18 of 2nd period - Charlie Coyle wins face-off versus Tomas Tatar in Senators zone.
1:36 of 2nd period - Brandon Saad is hit by Sam Gagner and loses puck.
1:44 of 2nd period - Icing by Brandon Saad.
1:45 of 2nd period - Charlie Coyle wins face-off versus Luke Glendening in Bruins zone.
1:47 of 2nd period - Icing by Mark Giordano.
1:48 of 2nd period - Charlie Coyle wins face-off versus Andrew Copp in Bruins zone.
1:52 of 2nd period - Mark Giordano is hit by K'Andre Miller and loses puck.
2:21 of 2nd period - Shot by Brandon Saad.
2:21 of 2nd period - Stopped by Semyon Varlamov without a rebound.
2:22 of 2nd period - Luke Glendening wins face-off versus Nicolas Roy in Senators zone.
2:49 of 2nd period - Off-side.
2:50 of 2nd period - Trevor Zegras wins face-off versus Joel Eriksson Ek in neutral zone.
2:50 of 2nd period - Trevor Zegras is hit by Joel Eriksson Ek.
3:13 of 2nd period - Bryan Rust is hit by K'Andre Miller and loses puck.
3:18 of 2nd period - Shot by Trevor Zegras.
3:18 of 2nd period - Stopped by Semyon Varlamov without a rebound.
3:19 of 2nd period - Luke Glendening wins face-off versus Nicolas Roy in Senators zone.
3:30 of 2nd period - Nicolas Roy is hit by Luke Glendening.
3:33 of 2nd period - Icing by Jamie Oleksiak.
3:34 of 2nd period - Nicolas Roy wins face-off versus Andrew Copp in Bruins zone.
4:33 of 2nd period - Shot by Joel Eriksson Ek.
4:33 of 2nd period - Goal by Joel Eriksson Ek - Senators : 2 - Bruins : 0.
4:34 of 2nd period - Trevor Zegras wins face-off versus Luke Glendening in neutral zone.
4:48 of 2nd period - Bryan Rust is hit by Noah Hanifin and loses puck.
5:12 of 2nd period - Pius Suter is hit by Brady Skjei and loses puck.
5:41 of 2nd period - Shot by Joel Eriksson Ek.
5:41 of 2nd period - Stopped by Jake Allen without a rebound.
5:42 of 2nd period - Charlie Coyle wins face-off versus Andrew Copp in Bruins zone.
5:42 of 2nd period - Charlie Coyle is hit by Scott Laughton.
5:52 of 2nd period - Shot by Adam Lowry.
5:52 of 2nd period - Deflect By Andrew Copp.
5:52 of 2nd period - Stopped by Jake Allen without a rebound.
5:52 of 2nd period - Minor Penalty to Jake Allen for Delaying the game.
5:53 of 2nd period - Joel Eriksson Ek wins face-off versus Charlie Coyle in Bruins zone.
6:37 of 2nd period - Shot by Joel Eriksson Ek.
6:37 of 2nd period - Goal by Joel Eriksson Ek - Senators : 3 - Bruins : 0.
6:38 of 2nd period - Trevor Zegras wins face-off versus Christian Dvorak in neutral zone.
6:58 of 2nd period - Shot by Trevor Zegras.
6:58 of 2nd period - Shot Misses the Net.
7:04 of 2nd period - Shot by Trevor Zegras.
7:04 of 2nd period - Stopped by Semyon Varlamov with a rebound.
7:20 of 2nd period - Shot by Trevor Zegras.
7:20 of 2nd period - Stopped by Semyon Varlamov with a rebound.
7:22 of 2nd period - Shot by Trevor Zegras.
7:22 of 2nd period - Shot Misses the Net.
7:31 of 2nd period - Off-side.
7:32 of 2nd period - Joel Eriksson Ek wins face-off versus Charlie Coyle in neutral zone.
7:57 of 2nd period - Shot by Cam Fowler.
7:57 of 2nd period - Stopped by Semyon Varlamov without a rebound.
7:58 of 2nd period - Pius Suter wins face-off versus Nicolas Roy in Senators zone.
8:13 of 2nd period - Shot by Nicolas Roy.
8:13 of 2nd period - Deflect By Yegor Sharangovich.
8:13 of 2nd period - Stopped by Semyon Varlamov with a rebound.
9:10 of 2nd period - Shot by Nikita Kucherov.
9:10 of 2nd period - Stopped by Jake Allen without a rebound.
9:11 of 2nd period - Trevor Zegras wins face-off versus Andrew Copp in Bruins zone.
9:13 of 2nd period - Icing by Cam Fowler.
9:14 of 2nd period - Andrew Copp wins face-off versus Trevor Zegras in Bruins zone.
9:14 of 2nd period - K'Andre Miller is hit by Brady Skjei and loses puck.
9:23 of 2nd period - Shot by Bryan Rust.
9:23 of 2nd period - Goal by Bryan Rust - Senators : 3 - Bruins : 1.
9:24 of 2nd period - Joel Eriksson Ek wins face-off versus Charlie Coyle in neutral zone.
9:32 of 2nd period - Icing by Charlie Coyle.
9:33 of 2nd period - Charlie Coyle wins face-off versus Andrew Copp in Bruins zone.
11:44 of 2nd period - Andrew Mangiapane is hit by Tomas Tatar and loses puck.
12:57 of 2nd period - Icing by Brady Skjei.
12:58 of 2nd period - Trevor Zegras wins face-off versus Joel Eriksson Ek in Bruins zone.
13:09 of 2nd period - Shot by Nikita Kucherov.
13:09 of 2nd period - Shot Misses the Net.
13:19 of 2nd period - Shot by Joel Eriksson Ek.
13:19 of 2nd period - Shot Misses the Net.
14:06 of 2nd period - Off-side.
14:07 of 2nd period - Nicolas Roy wins face-off versus Pius Suter in neutral zone.
14:07 of 2nd period - Zach Parise is hit by Pius Suter and loses puck.
14:21 of 2nd period - Nicolas Roy is hit by Connor Clifton and loses puck.
14:32 of 2nd period - Shot by Nicolas Roy.
14:32 of 2nd period - Stopped by Semyon Varlamov without a rebound.
14:33 of 2nd period - Charlie Coyle wins face-off versus Andrew Copp in Senators zone.
15:41 of 2nd period - Zach Parise is hit by Christian Dvorak.
17:40 of 2nd period - Shot by Joel Eriksson Ek.
17:40 of 2nd period - Shot Misses the Net.
17:42 of 2nd period - Shot by Joel Eriksson Ek.
17:42 of 2nd period - Stopped by Jake Allen without a rebound.
17:43 of 2nd period - Nicolas Roy wins face-off versus Andrew Copp in Bruins zone.
17:50 of 2nd period - Noah Hanifin is hit by Nicolas Roy and loses puck.
18:45 of 2nd period - Shot by Matty Beniers.
18:45 of 2nd period - Shot Blocked by Cam Fowler.
19:39 of 2nd period - Shot by Brandon Saad.
19:39 of 2nd period - Shot Misses the Net.
19:45 of 2nd period - Alex Iafallo is hit by Tomas Tatar and loses puck.
19:58 of 2nd period - Shot by Tomas Tatar.
19:58 of 2nd period - Stopped by Jake Allen without a rebound.
19:59 of 2nd period - Luke Glendening wins face-off versus Nicolas Roy in Bruins zone.
Goals for this period are 2 for Senators vs 1 for Bruins.
Shots for this period are 7 for Senators vs 9 for Bruins.

3rd period


0:01 of 3rd period - Charlie Coyle wins face-off versus Luke Glendening in neutral zone.
0:25 of 3rd period - Shot by Pius Suter.
0:25 of 3rd period - Stopped by Jake Allen without a rebound.
0:26 of 3rd period - Christian Dvorak wins face-off versus Trevor Zegras in Bruins zone.
0:42 of 3rd period - Christian Dvorak is hit by Jamie Oleksiak and loses puck.
0:55 of 3rd period - Shot by Bryan Rust.
0:55 of 3rd period - Shot Misses the Net.
0:57 of 3rd period - Shot by Bryan Rust.
0:57 of 3rd period - Shot Blocked by Rasmus Andersson.
0:59 of 3rd period - Shot by Andrew Mangiapane.
0:59 of 3rd period - Shot Blocked by Noah Hanifin.
1:05 of 3rd period - Shot by Trevor Zegras.
1:05 of 3rd period - Stopped by Semyon Varlamov without a rebound.
1:06 of 3rd period - Brandon Saad wins face-off versus Luke Glendening in Senators zone.
1:38 of 3rd period - Shot by Charlie Coyle.
1:38 of 3rd period - Stopped by Semyon Varlamov without a rebound.
1:39 of 3rd period - Nicolas Roy wins face-off versus Andrew Copp in Senators zone.
2:02 of 3rd period - Mark Giordano is hit by Connor Clifton and loses puck.
2:08 of 3rd period - Icing by Andrew Copp.
2:09 of 3rd period - Charlie Coyle wins face-off versus Andrew Copp in Senators zone.
3:40 of 3rd period - Mark Giordano is hit by Luke Glendening and loses puck.
3:55 of 3rd period - Shot by Danton Heinen.
3:55 of 3rd period - Shot Misses the Net.
3:57 of 3rd period - Shot by Noah Hanifin.
3:57 of 3rd period - Stopped by Jake Allen with a rebound.
3:59 of 3rd period - Shot by Luke Glendening.
3:59 of 3rd period - Goal by Luke Glendening - Senators : 4 - Bruins : 1.
3:59 of 3rd period - Jake Oettinger enters game.
4:00 of 3rd period - Nicolas Roy wins face-off versus Christian Dvorak in neutral zone.
4:11 of 3rd period - Shot by Zach Parise.
4:11 of 3rd period - Shot Misses the Net.
4:13 of 3rd period - Shot by Brett Pesce.
4:13 of 3rd period - Stopped by Semyon Varlamov without a rebound.
4:14 of 3rd period - Nick Paul wins face-off versus Andrew Copp in Senators zone.
4:52 of 3rd period - Off-side.
4:53 of 3rd period - Tom Wilson wins face-off versus Christian Dvorak in neutral zone.
4:53 of 3rd period - Tom Wilson is hit by Sam Gagner.
5:00 of 3rd period - Minor Penalty to K'Andre Miller for High sticking.
5:01 of 3rd period - Sam Gagner wins face-off versus Trevor Zegras in Senators zone.
5:06 of 3rd period - T.J. Brodie is hit by Connor Clifton and loses puck.
5:13 of 3rd period - Sam Gagner is hit by Trevor Zegras and loses puck.
5:56 of 3rd period - Shot by Cam Fowler.
5:56 of 3rd period - Stopped by Semyon Varlamov without a rebound.
5:57 of 3rd period - Andrew Copp wins face-off versus Nicolas Roy in Senators zone.
7:21 of 3rd period - Icing by Mark Giordano.
7:22 of 3rd period - Nick Paul wins face-off versus Andrew Copp in Bruins zone.
7:32 of 3rd period - Shot by Nick Paul.
7:32 of 3rd period - Deflect By Yegor Sharangovich.
7:32 of 3rd period - Stopped by Semyon Varlamov without a rebound.
7:33 of 3rd period - Luke Glendening wins face-off versus Tom Wilson in Senators zone.
7:33 of 3rd period - Luke Glendening is hit by Tom Wilson.
7:39 of 3rd period - Shot by Pius Suter.
7:39 of 3rd period - Deflect By Danton Heinen.
7:39 of 3rd period - Shot Misses the Net.
7:51 of 3rd period - Shot by Luke Glendening.
7:51 of 3rd period - Shot Misses the Net.
7:53 of 3rd period - Shot by K'Andre Miller.
7:53 of 3rd period - Stopped by Jake Oettinger without a rebound.
7:54 of 3rd period - Nick Paul wins face-off versus Andrew Copp in Bruins zone.
7:54 of 3rd period - Nick Paul is hit by Scott Laughton.
8:07 of 3rd period - T.J. Brodie is hit by Noah Hanifin.
8:15 of 3rd period - Mark Giordano is hit by Adam Lowry and loses puck.
8:33 of 3rd period - Rasmus Andersson is hit by Mark Giordano.
8:58 of 3rd period - Icing by Sam Gagner.
8:59 of 3rd period - Trevor Zegras wins face-off versus Christian Dvorak in Senators zone.
9:06 of 3rd period - Christian Dvorak is hit by Andrew Mangiapane and loses puck.
9:42 of 3rd period - Shot by Andrew Mangiapane.
9:42 of 3rd period - Stopped by Semyon Varlamov without a rebound.
9:43 of 3rd period - Charlie Coyle wins face-off versus Joel Eriksson Ek in Senators zone.
9:43 of 3rd period - Charlie Coyle is hit by K'Andre Miller.
9:51 of 3rd period - Shot by Tom Wilson.
9:51 of 3rd period - Stopped by Semyon Varlamov with a rebound.
10:00 of 3rd period - Shot by Nikita Kucherov.
10:00 of 3rd period - Stopped by Jake Oettinger without a rebound.
10:01 of 3rd period - Luke Glendening wins face-off versus Nicolas Roy in Bruins zone.
10:22 of 3rd period - Shot by Luke Glendening.
10:22 of 3rd period - Shot Blocked by Mark Giordano.
11:13 of 3rd period - Shot by Nikita Kucherov.
11:13 of 3rd period - Stopped by Jake Oettinger without a rebound.
11:14 of 3rd period - Christian Dvorak wins face-off versus Trevor Zegras in Bruins zone.
11:34 of 3rd period - Tomas Tatar is hit by Brady Skjei and loses puck.
11:53 of 3rd period - Shot by Tomas Tatar.
11:53 of 3rd period - Shot Misses the Net.
11:55 of 3rd period - Shot by Christian Dvorak.
11:55 of 3rd period - Shot Misses the Net.
11:57 of 3rd period - Shot by Connor Clifton.
11:57 of 3rd period - Stopped by Jake Oettinger without a rebound.
11:58 of 3rd period - Charlie Coyle wins face-off versus Joel Eriksson Ek in Bruins zone.
12:11 of 3rd period - Shot by Tom Wilson.
12:11 of 3rd period - Stopped by Semyon Varlamov with a rebound.
12:13 of 3rd period - Shot by Charlie Coyle.
12:13 of 3rd period - Stopped by Semyon Varlamov without a rebound.
12:14 of 3rd period - Luke Glendening wins face-off versus Charlie Coyle in Senators zone.
12:23 of 3rd period - Shot by Pius Suter.
12:23 of 3rd period - Shot Blocked by Brett Pesce.
13:19 of 3rd period - Shot by Matty Beniers.
13:19 of 3rd period - Deflect By Nikita Kucherov.
13:19 of 3rd period - Goal by Nikita Kucherov - Senators : 5 - Bruins : 1.
13:20 of 3rd period - Nicolas Roy wins face-off versus Christian Dvorak in neutral zone.
13:37 of 3rd period - Shot by Christian Dvorak.
13:37 of 3rd period - Stopped by Jake Oettinger without a rebound.
13:38 of 3rd period - Joel Eriksson Ek wins face-off versus Trevor Zegras in Bruins zone.
13:56 of 3rd period - Joel Eriksson Ek is hit by Brady Skjei and loses puck.
14:09 of 3rd period - Minor Penalty to Andrew Mangiapane for Hooking.
14:10 of 3rd period - Charlie Coyle wins face-off versus Andrew Copp in Bruins zone.
14:25 of 3rd period - Shot by Andrew Copp.
14:25 of 3rd period - Shot Misses the Net.
14:27 of 3rd period - Shot by Andrew Copp.
14:27 of 3rd period - Shot Blocked by T.J. Brodie.
14:29 of 3rd period - Shot by Scott Laughton.
14:29 of 3rd period - Stopped by Jake Oettinger with a rebound.
14:31 of 3rd period - Shot by Scott Laughton.
14:31 of 3rd period - Stopped by Jake Oettinger without a rebound.
14:32 of 3rd period - Joel Eriksson Ek wins face-off versus Charlie Coyle in Bruins zone.
14:33 of 3rd period - Shot by K'Andre Miller.
14:33 of 3rd period - Stopped by Jake Oettinger without a rebound.
14:34 of 3rd period - Joel Eriksson Ek wins face-off versus Charlie Coyle in Bruins zone.
14:47 of 3rd period - Shot by Noah Hanifin.
14:47 of 3rd period - Shot Misses the Net.
14:49 of 3rd period - Shot by Joel Eriksson Ek.
14:49 of 3rd period - Shot Misses the Net.
14:51 of 3rd period - Shot by Noah Hanifin.
14:51 of 3rd period - Stopped by Jake Oettinger without a rebound.
14:52 of 3rd period - Charlie Coyle wins face-off versus Andrew Copp in Bruins zone.
14:52 of 3rd period - Charlie Coyle is hit by Andrew Copp.
15:20 of 3rd period - T.J. Brodie is hit by Scott Laughton and loses puck.
15:57 of 3rd period - Noah Hanifin is hit by Charlie Coyle and loses puck.
17:48 of 3rd period - Shot by Adam Lowry.
17:48 of 3rd period - Stopped by Jake Oettinger without a rebound.
17:49 of 3rd period - Joel Eriksson Ek wins face-off versus Charlie Coyle in Bruins zone.
18:00 of 3rd period - Nikita Kucherov is hit by Tom Wilson and loses puck.
18:13 of 3rd period - Shot by Tom Wilson.
18:13 of 3rd period - Stopped by Semyon Varlamov without a rebound.
18:14 of 3rd period - Nicolas Roy wins face-off versus Andrew Copp in Senators zone.
18:19 of 3rd period - Shot by Yegor Sharangovich.
18:19 of 3rd period - Shot Misses the Net.
18:23 of 3rd period - Shot by Zach Parise.
18:23 of 3rd period - Shot Misses the Net.
19:05 of 3rd period - Andrew Copp is hit by Nicolas Roy and loses puck.
19:16 of 3rd period - Shot by Charlie Coyle.
19:16 of 3rd period - Shot Blocked by Rasmus Andersson.
19:22 of 3rd period - Shot by Charlie Coyle.
19:22 of 3rd period - Stopped by Semyon Varlamov without a rebound.
19:23 of 3rd period - Tom Wilson wins face-off versus Matty Beniers in Senators zone.
19:24 of 3rd period - Shot by Charlie Coyle.
19:24 of 3rd period - Stopped by Semyon Varlamov without a rebound.
19:25 of 3rd period - Joel Eriksson Ek wins face-off versus Charlie Coyle in Senators zone.
19:25 of 3rd period - Joel Eriksson Ek is hit by Tom Wilson.
19:53 of 3rd period - Shot by Tom Wilson.
19:53 of 3rd period - Stopped by Semyon Varlamov without a rebound.
19:54 of 3rd period - Christian Dvorak wins face-off versus Trevor Zegras in Senators zone.
Goals for this period are 2 for Senators vs 0 for Bruins.
Shots for this period are 14 for Senators vs 13 for Bruins.